Map: Acropolis LE

Players

Mez

  • Race: Terran Terran
  • League: Master
  • Spawn Location: 5:00

A.I. 1 (Very Easy) - Winner!

  • Race: Protoss Protoss
  • Spawn Location: 11:00

VOD

Have the link to the VOD?

Description

Time

  • Played on: Aug. 9, 2019, 5:46 p.m.
  • Length: 9:45
Show
View Real Time Build Order
Export as new Build Order

Mez Terran 

Build Orders: Reaper Expand 

Get SALT Encoding   

  12  0:01  SCV  
  13  0:14  SCV  
  14  0:18  Supply Depot  
  14  0:26  SCV  
  15  0:39  SCV  
  15  0:40  Barracks  
  16  0:44  Refinery  
  16  0:51  SCV  
  17  1:04  SCV  
  18  1:16  SCV  
  19  1:27  Reaper  
  19  1:28  Orbital Command  
  20  1:40  Command Center  
  20  1:46  Bunker  
  21  1:54  SCV  
  21  2:00  Supply Depot  
  21  2:01  Barracks Reactor  
  21  2:07  SCV  
  22  2:19  SCV  
  23  2:29  Command Center  
  23  2:32  SCV  
  24  2:39  Factory  
  24  2:45  Marine x2  
  24  2:49  SCV  
  27  2:54  Orbital Command  
  27  3:01  SCV  
  27  3:03  Marine x2  
  30  3:07  Refinery  
  30  3:14  SCV  
  31  3:21  SCV  
  31  3:22  Marine  
  31  3:23  Marine  
  31  3:25  Widow Mine  
  36  3:29  Starport  
  36  3:30  SCV  
  36  3:33  SCV  
  38  3:40  Marine x2  
  40  3:43  Orbital Command  
  40  3:47  Widow Mine  
  42  3:49  SCV x2  
  44  3:56  Refinery  
  44  4:00  Marine x2  
  44  4:01  SCV x2  
  44  4:02  Supply Depot  
  48  4:07  Starport Tech Lab  
  48  4:12  Factory Tech Lab  
  48  4:13  SCV  
  48  4:14  SCV x2  
  51  4:18  Marine x2  
  53  4:24  Supply Depot  
  53  4:25  SCV  
  53  4:26  Raven, SCV  
  57  4:33  SCV  
  57  4:36  Marine x2  
  57  4:37  SCV  
  61  4:38  SCV  
  61  4:39  Barracks  
  61  4:40  Siege Tank  
  65  4:48  SCV  
  65  4:49  SCV  
  65  4:50  Supply Depot  
  67  4:54  SCV, Barracks  
  67  4:58  Marine x2  
  67  4:59  Refinery  
  70  5:02  SCV  
  70  5:06  SCV  
  72  5:14  SCV  
  72  5:15  Supply Depot  
  72  5:16  Engineering Bay x2, Siege Tank  
  72  5:18  Starport Reactor, Orbital Command  
  72  5:19  SCV  
  77  5:24  Marine x2  
  77  5:26  SCV  
  80  5:31  SCV  
  81  5:36  Barracks  
  81  5:38  Stimpack, SCV, Barracks  
  81  5:39  Marauder  
  81  5:42  Marine  
  85  5:43  SCV  
  85  5:44  Terran Infantry Weapons Level 1  
  85  5:46  Supply Depot  
  85  5:49  SCV  
  87  5:55  SCV, Terran Infantry Armor Level 1  
  88  5:58  Medivac  
  88  5:59  Medivac  
  88  6:00  Factory Reactor  
  88  6:02  Marine  
  93  6:07  Marine x3  
  93  6:08  SCV x3  
  93  6:10  Supply Depot  
  99  6:12  Supply Depot  
  99  6:20  SCV x2  
  99  6:22  Refinery  
  99  6:23  Combat Shield  
  99  6:25  Barracks Reactor, Barracks Tech Lab  
  101  6:31  SCV, Marine x2  
  101  6:32  SCV, Marauder x2  
  109  6:34  SCV  
  109  6:37  Supply Depot  
  109  6:38  Widow Mine x2, Supply Depot  
  114  6:44  SCV x2  
  114  6:46  Refinery  
  116  6:48  SCV  
  116  6:50  Armory  
  117  6:58  Marine x2  
  117  6:59  SCV x2, Marauder x3, Medivac x2  
  117  7:00  SCV  
  132  7:02  Supply Depot  
  132  7:05  Supply Depot  
  132  7:10  Supply Depot x2  
  132  7:11  SCV  
  132  7:12  Supply Depot  
  133  7:16  Marine x3  
  133  7:17  Widow Mine x2  
  133  7:18  SCV  
  141  7:23  SCV x2  
  141  7:24  Marauder x2  
  141  7:26  Marine, Marauder  
  141  7:29  Supply Depot  
  150  7:30  SCV  
  150  7:34  Marine, Medivac x2  
  150  7:35  Supply Depot  
  156  7:39  Marine  
  156  7:41  Missile Turret, Marine  
  156  7:43  Missile Turret  
  156  7:44  Marine  
  158  7:45  Missile Turret, Marauder  
  161  7:52  Marauder  
  161  7:55  Marauder  
  165  8:00  Marine  
  165  8:01  Marine  
  165  8:02  Marine x2  
  171  8:06  Marauder  
  171  8:09  Supply Depot  
  171  8:11  Supply Depot  
  171  8:13  Marauder  
  171  8:15  Marine  
  171  8:17  Medivac  
  171  8:18  Command Center, Medivac  
  178  8:21  Marine x3  
  181  8:31  Marine  
  181  8:32  Marauder  
  181  8:33  Widow Mine x2, Marine  
  189  8:34  Marine  
  189  8:38  Ghost Academy  
  190  8:41  Marine x2, Starport  
  190  8:48  Fusion Core  
  192  8:52  Marine x2, Marauder x2  
  192  8:53  Marine  
  199  9:27  Starport Tech Lab  
  199  9:31  Barracks  
  199  9:33  Barracks  
Show
View Real Time Build Order
Export as new Build Order

A.I. 1 (Very Easy) Protoss - Winner!

Build Orders:  

Get SALT Encoding   

  12  0:00  Probe  
  13  0:13  Probe  
  14  0:19  Pylon  
  14  0:37  Assimilator  
  14  0:43  Gateway  
  14  0:45  Pylon  
  14  1:14  Assimilator  
  14  1:22  Probe  
  14  1:24  Zealot  
  14  1:30  Probe  
  15  1:33  Cybernetics Core  
  18  1:41  Probe  
  19  1:53  Probe  
  20  1:59  Warp Gate  
  20  2:01  Probe  
  21  2:10  Probe  
  22  2:48  Stalker  
  24  6:16  Probe  
  24  7:14  Probe  
  24  7:22  Probe  
  24  7:27  Adept  
  24  7:28  Pylon  
  24  7:29  Robotics Facility  
  27  7:30  Probe  
  27  7:33  Nexus  
  28  7:41  Probe  
  29  7:53  Probe  
  28  7:58  Pylon  
  28  8:05  Probe  
  27  8:14  Observer  
  28  8:26  Stalker  
  30  8:28  Observer  
  31  8:45  Probe  
  32  8:53  Probe  
  33  8:57  Assimilator  
  33  8:59  Assimilator  
  33  9:00  Probe  
  34  9:07  Probe  
  35  9:14  Probe  
  36  9:21  Probe  
  37  9:24  Zealot  
  37  9:29  Probe  
  40  9:32  Probe  
Tags
 
Add a new tag
Caveats
  • Supply blocks, unpowered buildings, or Contaminate may cause inaccurate times.
  • Supply counts are checked every 10 seconds.